 Dungeon Crawl Stone Soup version 0.29.0-13-gc9e81de378 (webtiles) character file.

Game seed: 14576289422117573135

166 SnakkuSnakku7 the Trooper (level 5, -1/55 HPs)
             Began as an Ogre Enchanter on Sept 8, 2022.
             Slain by an orc priest
             ... wielding a +1 whip of electrocution
              (6 damage)
             ... on level 3 of the Dungeon.
             The game lasted 00:03:17 (4272 turns).

SnakkuSnakku7 the Trooper (Ogre Enchanter)          Turns: 4272, Time: 00:03:18

Health: -1/55      AC:  3    Str: 12    XL:     5   Next: 47%
Magic:  8/8        EV: 10    Int: 16    God:
Gold:   174        SH:  0    Dex: 17    Spells: 8/8 levels left

rFire   . . .      SeeInvis .   a - +0 flail
rCold   . . .      Faith    .   (no shield)
rNeg    + . .      Spirit   .   b - +0 robe
rPois   .          Reflect  .   (helmet restricted)
rElec   .          Harm     .   (no cloak)
rCorr   .          Rampage  .   (gloves unavailable)
Will    .....                   (boots unavailable)
Stlth   ++........              (no amulet)
HPRegen 0.18/turn               k - +6 ring of dexterity
MPRegen 0.11/turn               j - ring of positive energy

@: invisible
A: large, unfitting armour, tough skin 1
a: no special abilities


You were on level 3 of the Dungeon.
You visited 1 branch of the dungeon, and saw 4 of its levels.

You collected 174 gold pieces.

Inventory:

Hand Weapons
 a - a +0 flail (weapon)
 e - a +1 dagger
 o - a +0 mace
Armour
 b - a +0 robe (worn)
Jewellery
 j - a ring of positive energy (right hand)
 k - a +6 ring of dexterity (left hand)
Scrolls
 f - 4 scrolls of teleportation {unknown}
 l - 2 scrolls of identify {unknown}
 m - a scroll of vulnerability {unknown}
 n - a scroll of enchant weapon {unknown}
 q - a scroll of blinking {unknown}
Potions
 d - 2 potions of degeneration {unknown}
 g - a potion of brilliance {unknown}
 h - a potion of heal wounds {unknown}
 i - 2 potions of magic {unknown}
 p - 2 potions of lignification {unknown}
 r - a potion of haste {unknown}


   Skills:
 + Level 4.7 Fighting
 - Level 0.8 Short Blades
 + Level 2.9 Maces & Flails
 - Level 1.7 Dodging
 - Level 2.1 Stealth
 - Level 2.4 Spellcasting
 - Level 2.6 Hexes


You had 8 spell levels left.
You didn't know any spells.
Your spell library contained the following spells:

 Spells                   Type           Power      Damage    Failure   Level
 Ensorcelled Hibernation  Hex/Ice        12%        N/A       17%         2
 Confusing Touch          Hex            10%        N/A       21%         3
 Tukima's Dance           Hex            10%        N/A       21%         3
 Dazzling Flash           Conj/Hex       12%        N/A       34%         3
 Animate Dead             Necr           1%         N/A       89%         4
 Borgnjor's Vile Clutch   Necr/Erth      0%         N/A       99%         5
 Death Channel            Necr           0%         N/A       100%        6


Dungeon Overview and Level Annotations

Branches:
Dungeon (4/15)
 Temple: D:4-7

Altars:
Kikubaaqudgha

Shops:
D:2 =   D:3 :


Innate Abilities, Weirdness & Mutations

You are too large for most types of armour.
You have tough skin. (AC +1)


Message History

The orc closely misses you.
You hit the orc.
You kill the orc!
Things that are here:
a +0 whip; an orc corpse
Things that are here:
a +0 whip; an orc corpse
There is a stone staircase leading down here.
You start resting.
HP restored.
You climb downwards.
The orc wizard casts a spell at you. The puff of flame hits you!
There is a stone staircase leading up here.
The orc priest hits you with a +1 whip of electrocution.
You climb upwards.
There is a stone staircase leading down here.
You hit the orc priest.
The orc priest is moderately wounded.
The orc priest hits you with a +1 whip of electrocution.
You are electrocuted!
* * * LOW HITPOINT WARNING * * *
The orc priest closely misses you.
You are too injured to fight recklessly!
You are too injured to fight recklessly!
You are too injured to fight recklessly!
You barely miss the orc priest.
The orc priest is moderately wounded.
The orc priest calls down the wrath of Beogh upon you.
Pain shoots through your body!
* * * LOW HITPOINT WARNING * * *
You closely miss the orc priest.
The orc priest is moderately wounded.
The orc priest mumbles some strange prayers to Beogh against you.
Pain shoots through your body!
* * * LOW HITPOINT WARNING * * *
Okay, then.
You fade into invisibility!
The orc priest hits you with a +1 whip of electrocution.
You die...

#.##############.##.###########
#.#..###########.#...##########
#.#............................
#.#.#########..................
#.#.# #.#..................
#.#.# #.#..................
#.#.# #.#..(...............
#.#.# #...o................
#.#.#######.#.@................
#.#...........)................
#[#............................
#.#...#####.#.......)..........
#.#...# #.#..................
#.#...# #.#...........[......
#.#...# #.#..................
#.#...#####.#..................
#.#.........#..................


You could see an orc priest (unable to see you).

Vanquished Creatures
  A hound (D:4)
  3 gnolls
  5 adders
  A worm (D:3)
  2 orcs (D:3)
  6 endoplasms
  5 giant cockroaches
  4 goblins
  6 hobgoblins
  6 kobolds
  2 quokkas (D:3)
  4 ball pythons
  5 bats
  5 frilled lizards
  3 rats
58 creatures vanquished.

Notes
Turn   | Place    | Note
-------+----------+-------------------------------------------
     0 | D:1      | SnakkuSnakku7 the Ogre Enchanter began the quest for the
                  | Orb.
     0 | D:1      | Reached XP level 1. HP: 16/16 MP: 3/3
   352 | D:1      | Reached skill level 1 in Fighting
   678 | D:1      | Reached XP level 2. HP: 20/28 MP: 5/5
   801 | D:1      | Reached skill level 2 in Fighting
   875 | D:1      | Reached skill level 1 in Maces & Flails
  1431 | D:1      | Found a faded altar of an unknown god.
  1595 | D:1      | Reached XP level 3. HP: 4/36 MP: 6/6
  1879 | D:2      | Reached skill level 3 in Fighting
  2192 | D:2      | Reached XP level 4. HP: 45/45 MP: 7/7
  2389 | D:2      | Found Moewota's Jewellery Emporium.
  2851 | D:2      | Found an ancient bone altar of Kikubaaqudgha.
  2995 | D:3      | Reached skill level 4 in Fighting
  3429 | D:3      | Found Menkuis's Book Shop.
  3472 | D:3      | Reached XP level 5. HP: 54/54 MP: 8/8
  4272 | D:3      | Slain by an orc priest

Illustrated notes

Levels and vault maps discovered:
D:1:      amcnicky_arrival_choice, layout_basic,
          hellmonk_ecumenical_altar_zigzags
D:2:      layout_loops_ring, serial_shops, nicolae_shop_trees, basic_altar,
          minmay_pentomino_r4
D:3:      layout_basic, serial_shops, shop
D:4:      minmay_razor_zed, layout_cave_pods,
          mainiacjoe_overflow_small_starburst, uniq_ijyb, uniq_menkaure

Skill      XL: |  1  2  3  4 |
---------------+-------------+-----
Fighting       | 1 2 3 4 |  4.7
Maces & Flails | 1 2 |  2.9
Short Blades   | |  0.8
Dodging        | |  1.7
Stealth        | |  2.1
Spellcasting   | |  2.4
Hexes          | |  2.6

Action                   |  1- 3 |  4- 6 || total
-------------------------+-------+-------++-------
Melee: Dagger            |    12 |       ||    12
       Mace              |    91 |    36 ||   127
       Punch             |     1 |     3 ||     4
       Flail             |       |    58 ||    58
  Use: Potion            |     1 |     1 ||     2
 Stab: Sleeping          |     2 |     4 ||     6
Armor: Robe              |    41 |    26 ||    67
Dodge: Dodged            |    67 |    51 ||   118
